 Dungeon Crawl Stone Soup version 0.21.1-1-g345015fe64 (webtiles) character file.

847 Norrik the Basher (level 7, -2/63 HPs)
             Began as a Minotaur Monk on Apr 23, 2018.
             Slain by Beodren's ghost (6 damage)
             ... on level 5 of the Dungeon.
             The game lasted 00:09:56 (5678 turns).

Norrik the Basher (Minotaur Monk)                   Turns: 5678, Time: 00:09:57

Health: -2/63      AC:  9    Str: 17 (19) XL:     7   Next: 68%
Magic:  6/6        EV:  8    Int:  5 (7)  God:
Gold:   294        SH:  0    Dex: 12 (13) Spells: 6/6 levels left

rFire    . . .     SeeInvis .   a - +0 mace
rCold    . . .     Gourm    .   (no shield)
rNeg     . . .     Faith    .   y - +0 chain mail
rPois    .         Spirit   .   (helmet restricted)
rElec    .         Reflect  .   (no cloak)
rCorr    .         Harm     .   (no gloves)
MR       .....                  (no boots)
Stlth    ..........             u - amulet of rage
HPRegen  0.20/turn              s - +2 ring of strength
MPRegen  0.10/turn              (no ring)

@: no status effects
A: retaliatory headbutt, horns 2
a: Evoke Berserk Rage


You were on level 5 of the Dungeon.
You were not hungry.

You visited 1 branch of the dungeon, and saw 5 of its levels.

You collected 294 gold pieces.

Inventory:

Hand Weapons
 a - a +0 mace (weapon)
Missiles
 d - 3 poisoned tomahawks (quivered)
Armour
 b - a +0 robe
 l - a +0 ring mail
 y - a +0 chain mail (worn)
Jewellery
 s - a +2 ring of strength (left hand)
 u - an amulet of rage (around neck)
Scrolls
 e - a scroll of enchant weapon {unknown}
 h - a scroll of amnesia {unknown}
 i - 2 scrolls of teleportation
 j - a scroll of blinking {unknown}
 k - a scroll of remove curse
 p - 6 scrolls of identify {unknown}
 r - a scroll of enchant armour {unknown}
 v - a scroll of random uselessness {unknown}
 w - a scroll of fog {unknown}
 x - a scroll of fear {unknown}
Potions
 f - a potion of curing {unknown}
 g - 2 potions of mutation {unknown}
 m - a potion of invisibility {unknown}
 n - a potion of lignification {unknown}
 z - a potion of magic {unknown}
Books
 t - a book of Maledictions

   Spells                             Type                      Level
   a - Corona                         Hexes                        1
   b - Ensorcelled Hibernation        Hexes/Ice                    2
   c - Confuse                        Hexes                        3
   d - Tukima's Dance                 Hexes                        3
   e - Dazzling Spray                 Conjuration/Hexes            3
Comestibles
 c - 12 rations
 o - 3 chunks of flesh


   Skills:
 + Level 6.3 Fighting
 * Level 8.2 Maces & Flails
 + Level 5.0 Armour
 - Level 3.2 Dodging
 - Level 1.5 Stealth


You had 6 spell levels left.
You didn't know any spells.

Dungeon Overview and Level Annotations

Branches:
Dungeon (5/15)
 Temple: D:4-7

Altars:
Dithmenos
Gozag
Nemelex Xobeh
Vehumet
Xom

Annotations:
D:5 Beodren's ghost, novice MiFi


Innate Abilities, Weirdness & Mutations

You reflexively headbutt those who attack you in melee.
You have a pair of horns on your head.


Message History

Beodren's ghost is heavily damaged.
Beodren's ghost hits you.
* * * LOW HITPOINT WARNING * * *
You hit Beodren's ghost but do no damage.
Beodren's ghost is heavily damaged.
Beodren's ghost hits you but does no damage.
You barely miss Beodren's ghost.
Beodren's ghost is heavily damaged.
Beodren's ghost hits you but does no damage.
You hit Beodren's ghost.
Beodren's ghost is heavily damaged.
Beodren's ghost barely misses you.
You hit Beodren's ghost but do no damage.
Beodren's ghost is heavily damaged.
Beodren's ghost hits you!
* * * LOW HITPOINT WARNING * * *
You hit Beodren's ghost but do no damage.
Beodren's ghost is heavily damaged.
Beodren's ghost hits you.
You die...

#............. #.#
#..##..[...... #.#
#..##..####... #.#
#.........#.#. #.#
#.........#.#.
.$................
#s###...........##
#W###...........#
#@#.............##
#.#.###.......#...
#.#.# ###.##.###.#
#...# #.#.## ##. ###.#
#..## ##
######.#####>..# ##.
...............#.###.#
#.#########....<.#.#.#.
####.# #.##..#.#.#.#


You could see Beodren's ghost and a giant cockroach.

Vanquished Creatures
  The ghost of Norrik the Slasher, an amateur MiMo (D:4)
  A sky beast (D:5)
  A black bear (D:2)
  3 crimson imps (D:5)
  2 hounds
  A jelly (D:5)
  2 orc priests
  3 orc wizards
  2 worker ants (D:4)
  5 adders
  A shadow imp (D:5)
  2 oozes
  3 adder skeletons
  3 worms
  2 dart slugs (D:2)
  3 leopard geckos
  12 orcs
  4 bats
  2 giant cockroaches
  8 hobgoblins
  8 jackals
  2 quokkas
  A ball python (D:3)
  10 frilled lizards
  8 goblins
  10 kobolds
  A leopard gecko skeleton (D:5)
  7 rats
108 creatures vanquished.

Vanquished Creatures (others)
  2 orc wizards (D:5)
  2 adders (D:5)
  An orc (D:5)
  2 giant cockroaches (D:5)
  A frilled lizard (D:5)
8 creatures vanquished.

Grand Total: 116 creatures vanquished

Notes
Turn   | Place    | Note
-------+----------+-------------------------------------------
     0 | D:1      | Norrik the Minotaur Monk began the quest for the Orb.
     0 | D:1      | Reached XP level 1. HP: 19/19 MP: 0/0
   195 | D:1      | Reached skill level 4 in Maces & Flails
   198 | D:1      | Reached XP level 2. HP: 27/27 MP: 1/1
   235 | D:1      | Reached skill level 1 in Armour
   556 | D:1      | Reached XP level 3. HP: 33/33 MP: 2/2
  1019 | D:2      | Noticed a black bear
  1020 | D:2      | Found a shadowy altar of Dithmenos.
  1093 | D:2      | Killed a black bear
  1093 | D:2      | Reached skill level 5 in Maces & Flails
  1093 | D:2      | Reached XP level 4. HP: 14/41 MP: 3/3
  1462 | D:2      | Reached XP level 5. HP: 44/47 MP: 4/4
  2195 | D:3      | Reached skill level 6 in Maces & Flails
  2199 | D:3      | Reached skill level 5 in Fighting
  2785 | D:4      | Found a sparkling altar of Nemelex Xobeh.
  2798 | D:4      | Reached XP level 6. HP: 54/56 MP: 5/5
  2832 | D:4      | Found an opulent altar of Gozag.
  3322 | D:4      | Noticed Norrik's ghost (amateur MiMo)
  4861 | D:4      | Killed Norrik's ghost
  4861 | D:4      | Reached skill level 7 in Maces & Flails
  4861 | D:4      | Reached XP level 7. HP: 42/62 MP: 6/6
  5182 | D:5      | Entered Level 5 of the Dungeon
  5260 | D:5      | Found a shimmering altar of Xom.
  5487 | D:5      | Reached skill level 8 in Maces & Flails
  5616 | D:5      | Found a radiant altar of Vehumet.
  5640 | D:5      | Reached skill level 5 in Armour
  5654 | D:5      | Noticed Beodren's ghost (novice MiFi)
  5678 | D:5      | Slain by Beodren's ghost

Skill      XL: |  1  2  3  4  5  6  7 |
---------------+----------------------+-----
Maces & Flails | 4 5 6 7 8 |  8.2
Armour         | 1 2 3 4 5 |  5.0
Fighting       | 4 5 6 |  6.3
Dodging        | |  3.2
Stealth        | |  1.5

Action                   |  1- 3 |  4- 6 |  7- 9 || total
-------------------------+-------+-------+-------++-------
Melee: Mace              |    70 |   173 |   131 ||   374
       Headbutt          |     6 |    36 |    24 ||    66
Throw: Tomahawk          |     3 |       |       ||     3
  Use: Potion            |       |     4 |       ||     4
       Scroll            |       |     3 |       ||     3
 Stab: Sleeping          |     3 |       |       ||     3
  Eat: Chunk             |       |     7 |     2 ||     9
       Ration            |       |     2 |       ||     2
Armor: Robe              |     8 |       |       ||     8
       Ring mail         |    10 |    30 |       ||    40
       Chain mail        |       |    54 |    68 ||   122
Dodge: Dodged            |    69 |    89 |    39 ||   197
